Map: Prion Terraces

Players

Ironman

  • Race: Protoss Protoss
  • League: Platinum

IlllIlllIlll

  • Race: Protoss Protoss
  • League: Gold

김스톰

  • Race: Zerg Zerg

llllllllllll

  • Race: Zerg Zerg
  • League: Master

VOD

Have the link to the VOD?

Description

Time

  • Played on: Dec. 5, 2015, 12:31 a.m.
  • Length: 8:59
Show
View Real Time Build Order
Export as new Build Order

Ironman Protoss 

Build Orders:  

Get SALT Encoding   

  12  0:01  Probe (Chrono Boost)  
  13  0:11  Probe (Chrono Boost)  
  14  0:24  Probe (Chrono Boost), Pylon  
  16  0:42  Probe (Chrono Boost)  
  16  0:48  Gateway  
  16  0:53  Probe (Chrono Boost)  
  16  0:55  Assimilator  
  17  1:00  Assimilator  
  17  1:04  Probe (Chrono Boost)  
  18  1:11  Pylon  
  18  1:15  Probe (Chrono Boost)  
  20  1:25  Probe (Chrono Boost)  
  20  1:36  Probe (Chrono Boost)  
  20  1:37  Cybernetics Core  
  21  1:48  Probe (Chrono Boost)  
  21  1:52  Pylon  
  22  1:59  Probe (Chrono Boost)  
  23  2:09  Probe (Chrono Boost)  
  23  2:11  Warp Gate  
  24  2:15  Gateway  
  24  2:17  Gateway  
  23  2:26  Gateway  
  23  2:33  Probe (Chrono Boost)  
  24  2:40  Pylon  
  24  2:49  Mothership Core (Chrono Boost)  
  26  2:56  Adept  
  28  3:07  Adept x2  
  32  3:14  Adept  
  34  3:20  Pylon  
  34  3:59  Pylon  
  34  4:13  Adept x3  
  34  4:14  Adept  
  36  4:22  Probe (Chrono Boost)  
  31  4:30  Nexus  
  31  4:34  Probe (Chrono Boost)  
  31  4:36  Pylon  
  32  4:42  Robotics Facility  
  30  4:49  Sentry x4  
  38  5:00  Forge  
  38  5:13  Zealot  
  31  5:19  Zealot x2  
  35  5:31  Sentry  
  37  5:38  Sentry  
  37  5:41  Immortal  
  43  6:02  Nexus  
  43  6:04  Sentry x3  
  43  6:06  Pylon  
  43  6:08  Pylon  
  49  6:32  Photon Cannon  
  49  6:42  Assimilator  
  49  6:44  Probe (Chrono Boost)  
  49  6:46  Assimilator  
  50  6:52  Immortal  
  54  6:56  Probe (Chrono Boost)  
  55  7:05  Protoss Ground Weapons Level 1  
  55  7:07  Probe (Chrono Boost)  
  56  7:18  Probe (Chrono Boost)  
  56  7:21  Probe (Chrono Boost)  
  58  7:29  Probe (Chrono Boost)  
  59  7:32  Probe (Chrono Boost), Zealot x2  
  57  7:53  Probe (Chrono Boost)  
  57  7:58  Probe (Chrono Boost)  
  59  8:04  Probe (Chrono Boost)  
  60  8:06  Zealot  
  60  8:08  Probe (Chrono Boost)  
  61  8:14  Probe (Chrono Boost)  
  61  8:19  Probe (Chrono Boost)  
  63  8:25  Probe (Chrono Boost)  
  63  8:27  Observer  
  65  8:29  Probe (Chrono Boost)  
  44  8:35  Probe (Chrono Boost)  
Show
View Real Time Build Order
Export as new Build Order

IlllIlllIlll Protoss 

Build Orders:  

Get SALT Encoding   

  12  0:02  Drone  
  13  0:12  Overlord  
  13  0:17  Drone  
  14  0:33  Drone x2  
  16  0:52  Hatchery  
  15  0:57  Drone  
  16  1:05  Extractor  
  16  1:07  Drone  
  16  1:13  Spawning Pool  
  16  1:16  Drone  
  16  1:24  Drone x2  
  18  1:49  Drone  
  18  1:50  Overlord  
  19  1:57  Drone  
  20  2:03  Queen  
  20  2:05  Queen  
  24  2:17  Drone x2  
  24  2:19  Drone  
  27  2:35  Metabolic Boost  
  27  2:38  Drone x2  
  27  2:39  Drone x2  
  27  2:40  Drone  
  32  3:01  Roach Warren  
  31  3:07  Spine Crawler  
  31  3:11  Overlord  
  31  3:12  Overlord, Spine Crawler  
  29  3:25  Zergling x2  
  30  3:52  Roach x2  
  30  3:53  Roach x4, Zergling x10  
  30  3:54  Roach x2, Zergling x2  
  52  4:08  Spore Crawler  
  51  4:13  Spore Crawler  
  51  4:15  Pneumatized Carapace  
  50  4:27  Drone x2  
  50  4:29  Overlord x2  
  50  4:30  Overlord  
  52  4:49  Drone x3  
  55  4:54  Hatchery  
  55  4:55  Evolution Chamber  
  55  4:58  Drone x2  
  55  5:05  Drone x6  
  55  5:06  Drone x2  
  62  5:09  Lair  
  62  5:16  Drone  
  63  5:22  Extractor  
  63  5:23  Zerg Missile Weapons Level 1  
  62  5:32  Extractor  
  60  5:53  Drone x6  
  60  5:54  Drone x3  
  69  6:05  Evolution Chamber, Overlord x3  
  69  6:08  Queen  
  70  6:18  Drone x4  
  72  6:19  Drone x3  
  72  6:25  Hatchery  
  76  6:30  Hydralisk Den  
  75  6:38  Extractor  
  74  6:40  Extractor  
  74  6:42  Extractor  
  74  6:43  Drone x2  
  74  6:44  Drone  
  75  6:56  Drone  
  75  6:57  Drone x3  
  79  7:01  Muscular Augments  
  79  7:02  Overlord  
  79  7:03  Overlord x3  
  79  7:14  Overlord x3  
  79  7:15  Overlord  
  78  7:20  Ravager  
  78  7:21  Ravager x7  
  86  7:23  Hatchery  
  86  7:25  Hydralisk  
  86  7:26  Roach  
  89  7:32  Zergling x22  
  99  7:47  Zergling x2, Queen  
  99  7:48  Zergling x10  
  104  8:15  Overlord x4  
  104  8:16  Overlord  
  104  8:23  Hatchery  
  102  8:44  Infestation Pit  
Show
View Real Time Build Order
Export as new Build Order

김스톰 Zerg 

Build Orders:  

Get SALT Encoding   

Show
View Real Time Build Order
Export as new Build Order

llllllllllll Zerg 

Build Orders:  

Get SALT Encoding   

Tags
 
Add a new tag
Caveats
  • Supply blocks, unpowered buildings, or Contaminate may cause inaccurate times.
  • Supply counts are checked every 10 seconds.